 Dungeon Crawl Stone Soup version 0.31-a0-271-gb88eb75e06 (webtiles) character file.

Game seed: 1033281584993601617

2995 HallandMoats the Fighter (level 9, -2/28 HPs)
             Began as a Demonspawn Fighter on July 15, 2023.
             Was a Priest of Okawaru.
             Hit by a javelin thrown by a centaur (3 damage)
             ... in a bailey.
             The game lasted 00:14:28 (5156 turns).

HallandMoats the Fighter (Demonspawn Fighter)       Turns: 5156, Time: 00:14:29

Health: -2/28      AC: 22    Str: 20    XL:     9   Next: 54%
Magic:  12/12      EV: 12    Int: 10    God:    Okawaru [***...]
Gold:   262        SH:  6    Dex: 13    Spells: 8/8 levels left

rFire   . . .        t - +0 eveningstar
rCold   . . .        b - +1 buckler
rNeg    + + .        a - melded +0 scale mail
rPois   ∞            w - +1 helmet of Sif Muna's Wrath {Regen+}
rElec   +            (no cloak)
rCorr   .            (gloves currently unavailable)
SInv    .            (boots currently unavailable)
Will    .....        e - amulet of regeneration
Stlth   +            l - +4 ring of slaying
HPRegen 1.84/turn    j - ring of positive energy
MPRegen 0.26/turn

%: no passive effects
@: statue-form, hasted
A: slow and powerful, torment resistance 1, reduced hp, ignite blood 2, magic
regeneration, weakness stinger 2
a: Begin Untransformation, Renounce Religion, Heroism


You were in a bailey.
You worshipped Okawaru.
Okawaru was most pleased with you.
You were a living statue of rough stone.
You visited 2 branches of the dungeon, and saw 8 of its levels.
You also visited: Bailey.

You collected 262 gold pieces.

Inventory:

Hand Weapons
 t - a +0 eveningstar (weapon)
Missiles
 q - a throwing net
Armour
 a - a +0 scale mail (melded)
 b - a +1 buckler (worn)
 w - the +1 helmet of Sif Muna's Wrath (worn) {Regen+}
   (You found it on level 5 of the Dungeon)

   Regen:     It increases your rate of health regeneration.
Jewellery
 e - an amulet of regeneration (around neck)
 j - a ring of positive energy (right fist)
 l - a +4 ring of slaying (left fist)
 x - a ring of flight
Talismans
 h - a serpent talisman
 k - a granite talisman
Wands
 i - a wand of polymorph (20)
 n - a wand of iceblast (8)
 r - a wand of flame (18)
Scrolls
 d - 2 scrolls of fear
 g - 2 scrolls of teleportation
Potions
 c - a potion of might
 f - a potion of magic {unknown}
 u - a potion of haste
 v - 2 potions of brilliance
 z - a potion of lignification {unknown}
 A - a potion of attraction {unknown}


   Skills:
 * Level 8.2 Fighting
 * Level 4.8 Maces & Flails
 + Level 4.5 Armour
 + Level 3.4 Dodging
 - Level 4.3 Shields
 - Level 5.0 Unarmed Combat
 + Level 4.8 Invocations


You had 8 spell levels left.
You didn't know any spells.
Your spell library contained the following spells:

 Spells                   Type           Power      Damage    Failure   Level
 Sting                    Tmut/Pois      0%         1d3       43%         1
 Blink                    Tloc           0%         N/A       56%         2
 Poisonous Vapours        Pois/Air       0%         N/A       56%         2
 Portal Projectile        Hex/Tloc       0%         N/A       80%         3
 Leda's Liquefaction      Hex/Erth       0%         N/A       99%         4
 Manifold Assault         Tloc           0%         N/A       99%         4
 Olgreb's Toxic Radiance  Pois           0%         N/A       99%         4
 Call Canine Familiar     Summ           Unusable   N/A       N/A         3

Dungeon Overview and Level Annotations

Branches:
Dungeon (7/15)             Temple (1/1) D:4          Bailey (1/1)

Altars:
Ashenzari
Cheibriados
Dithmenos
Fedhas
Gozag
Hepliaklqana
Kikubaaqudgha
Makhleb
Nemelex Xobeh
Okawaru
Qazlal
Sif Muna
Trog
Uskayaw
Vehumet
Wu Jian
Yredelemnul

Shops:
D:3 [   D:7 (?=*(*

Annotations:
D:7 3 runed translucent doors, Strat's ghost, journeyman HuNe


Innate Abilities, Weirdness & Mutations

You are a living statue of rough stone.
Your actions are slow, but your melee attacks are powerful.
You are resistant to unholy torment.
Your maximum health is decreased, since you lack skill for your form.
Your equipment is partially melded.
You are immune to poison.
Your demonic aura often causes spilled blood to erupt in flames.
You regenerate magic rapidly.
You have a tail ending in a sharp stinger.


Message History

The orc is moderately wounded.
The orc is engulfed in blazing flames.
You kill the orc!
Okawaru accepts your kill. The orc closely misses you.
The centaur throws a javelin.
The javelin closely misses you. The orc hits you but does no damage.
The centaur throws a javelin.
The javelin misses you.
The centaur throws a javelin.
The javelin closely misses you. You block the orc's attack.
The orc closely misses you. You block the orc's attack.
Things that are here:
a +0 trident; a +0 ring mail; an orc corpse The orc hits you from afar with a +0 halberd.
You block the orc's attack.
The centaur throws a javelin.
The javelin pierces through you.
The centaur shouts!
The centaur throws a javelin.
The javelin barely misses you.
The centaur throws a javelin.
The javelin pierces through you.
The centaur throws a javelin.
The javelin misses you.
The centaur throws a javelin.
The javelin pierces through you!
The centaur throws a javelin.
The javelin pierces through you but does no damage.
Unknown command.
The orc misses you.
The centaur throws a javelin.
The javelin pierces through you!
* * * LOW HITPOINT WARNING * * *
The orc misses you.
You feel yourself speed up. The orc hits you but does no damage.
The centaur hits you but does no damage.
The centaur throws a javelin.
The javelin pierces through you but does no damage.
The centaur throws a javelin.
The javelin pierces through you but does no damage.
The centaur throws a javelin.
The javelin pierces through you.
The centaur throws a javelin.
The javelin pierces through you!
The centaur throws a javelin.
The javelin pierces through you!
* * * LOW HITPOINT WARNING * * *
The orc closely misses you.
The centaur throws a javelin.
The javelin pierces through you.
You die...

#≈≈.c≈≈)≈≈≈...≈≈≈.≈.≈≈.#
#≈...≈.≈≈..⌠.⌠..≈.≈≈o≈.#
#≈..o≈.....∩∩∩..≈....≈.#
#≈$..≈.≈≈..⌠.⌠..≈.≈≈c≈o#
#≈≈..≈≈.≈≈≈...≈≈≈.≈.≈≈.#
#≈≈⌠..≈≈..≈≈≈≈≈..≈≈o≈o##
##≈≈...≈≈≈.....≈≈≈.≈≈.#
##≈≈....≈≈≈≈≈≈≈.o≈≈c.#
##≈..≈≈......8≈≈≈.⌠.#
#≈...≈≈≈≈≈≈≈≈≈o...##
#≈............#####
##########


You could see 2 centaurs and 6 orcs.

Vanquished Creatures
  Prince Ribbit (D:7)
  Sigmund (D:2)
  A water moccasin (D:6)
  3 black bears
  2 ice beasts
  3 sky beasts (D:7)
  2 centaurs
  3 ogres
  A phantom (D:5)
  4 bullfrogs
  Blork the orc (D:4)
  A scorpion (D:5)
  A vampire bat (D:5)
  A howler monkey (D:6)
  Crazy Yiuf (D:2)
  A hound (D:4)
  2 gnoll boudas (D:4)
  7 iguanas
  Terence (D:3)
  A sleepcap (D:6)
  Ijyb (D:3)
  Natasha (twice) (D:3)
  Robin (D:3)
  18 gnolls
  5 adders
  2 white imps
  An ufetubus (D:5)
  2 worms
  5 dart slugs
  3 fire bats (D:5)
  9 orcs
  2 spectral bats (D:5)
  16 bats
  3 bat skeletons (D:5)
  A bat zombie (D:5)
  5 endoplasms
  4 giant cockroaches
  24 goblins
  8 hobgoblins
  8 kobolds
  3 quokkas
  7 ball pythons
  A bat simulacrum (D:5)
  6 frilled lizards
  8 rats
183 creatures vanquished.

Notes
Turn   | Place    | Note
-------+----------+-------------------------------------------
     0 | D:1      | HallandMoats the Demonspawn Fighter began the quest for the
                  | Orb.
     0 | D:1      | Reached XP level 1. HP: 18/18 MP: 1/1
   250 | D:1      | Found a faded altar of an unknown god.
   270 | D:1      | Gained mutation: You have a small tail. [demonic ancestry]
   270 | D:1      | Reached XP level 2. HP: 24/24 MP: 2/2
   678 | D:1      | Reached XP level 3. HP: 27/29 MP: 3/3
  1021 | D:2      | Found a blossoming altar of Fedhas.
  1201 | D:2      | Found a runed translucent door.
  1202 | D:2      | Noticed Crazy Yiuf
  1303 | D:2      | Noticed Sigmund
  1311 | D:2      | Killed Sigmund
  1312 | D:2      | Reached skill level 4 in Fighting
  1312 | D:2      | Gained mutation: Your demonic aura sometimes causes spilled
                  | blood to erupt in flames. [demonic ancestry]
  1312 | D:2      | Reached XP level 4. HP: 11/38 MP: 4/4
  1312 | D:2      | Reached XP level 5. HP: 13/43 MP: 5/5
  1522 | D:2      | Killed Crazy Yiuf
  1567 | D:3      | Found Juveozeqi's Antique Armour Shoppe.
  1621 | D:3      | Noticed Robin
  1648 | D:3      | Gained mutation: You regenerate magic rapidly. [demonic
                  | ancestry]
  1648 | D:3      | Reached XP level 6. HP: 18/50 MP: 6/6
  1650 | D:3      | Killed Robin
  1746 | D:3      | Reached skill level 5 in Fighting
  1816 | D:3      | Noticed Ijyb
  1820 | D:3      | Killed Ijyb
  1849 | D:3      | Noticed Terence
  1856 | D:3      | Killed Terence
  1868 | D:3      | Found a burning altar of Makhleb.
  1932 | D:3      | Noticed Natasha
  1937 | D:3      | Killed Natasha
  2054 | D:3      | Noticed Natasha
  2060 | D:3      | Killed Natasha
  2256 | D:4      | Found a staircase to the Ecumenical Temple.
  2285 | Temple   | Entered the Ecumenical Temple
  2291 | Temple   | Became a worshipper of Warmaster Okawaru
  2308 | D:4      | Reached XP level 7. HP: 21/56 MP: 7/7
  2388 | D:4      | Noticed Blork the orc
  2394 | D:4      | Killed Blork the orc
  2462 | D:4      | Reached skill level 6 in Fighting
  2462 | D:4      | Reached skill level 5 in Unarmed Combat
  2804 | D:4      | Reached skill level 1 in Invocations
  2824 | D:4      | Reached skill level 1 in Maces & Flails
  3090 | D:5      | Entered Level 5 of the Dungeon
  3184 | D:5      | Reached * piety under Okawaru
  3185 | D:5      | Reached skill level 1 in Dodging
  3185 | D:5      | Gained mutation: Your demonic aura often causes spilled
                  | blood to erupt in flames. [demonic ancestry]
  3185 | D:5      | Reached XP level 8. HP: 25/65 MP: 9/9
  3242 | D:5      | Found a stormy altar of Qazlal.
  3248 | D:5      | Identified the +1 helmet of Sif Muna's Wrath {Regen+}
  3488 | D:5      | Found a bloodstained altar of Trog.
  3748 | D:5      | Reached skill level 7 in Fighting
  4104 | D:6      | Reached ** piety under Okawaru
  4356 | D:6      | Gained mutation: You have a tail ending in a sharp stinger.
                  | [demonic ancestry]
  4356 | D:6      | Reached XP level 9. HP: 16/72 MP: 11/11
  4655 | D:7      | Noticed Prince Ribbit
  4680 | D:7      | Killed Prince Ribbit
  4752 | D:7      | Reached skill level 8 in Fighting
  4752 | D:7      | Reached *** piety under Okawaru
  4766 | D:7      | Found a runed translucent gate.
  4767 | D:7      | Found a runed translucent gate.
  4767 | D:7      | Identified the +0 chain mail "Womoth" {rPois rC- Int+3}
  4767 | D:7      | Noticed Strat's ghost (journeyman HuNe)
  4768 | D:7      | Found a runed translucent gate.
  4964 | D:7      | Found Paismeho's Magic Scroll Shop.
  4965 | D:7      | Found Gybimef's Assorted Antiques.
  4966 | D:7      | Found Gieveiro's Weapon Emporium.
  4966 | D:7      | Found Gupiep's Jewellery Shoppe.
  4968 | D:7      | Found Uppuimm's Weapon Emporium.
  4968 | D:7      | Found Wihyng's Assorted Antiques.
  5003 | D:7      | Found a flagged portal.
  5027 | Bailey   | Entered a bailey
  5156 | Bailey   | HP: 1/28 [centaur/javelin (13)]
  5156 | Bailey   | Hit by a javelin thrown by a centaur

Illustrated notes

Levels and vault maps discovered:
D:1:      lightli_arrival_noodles, layout_loops_ring,
          dreamdust_ecumenical_altar_statues, minmay_octomino_e4
D:2:      layout_basic, basic_altar, uniq_crazy_yiuf_cottage, uniq_sigmund
D:3:      layout_basic, bloody_makhleb, serial_shops, nicolae_shop_trees,
          minmay_fractal_squares_5, uniq_ijyb, uniq_natasha, uniq_terence,
          uniq_robin
D:4:      layout_loops_cross, minmay_temple_entry_large_hall, minmay_cut_off,
          uniq_blork_the_orc
D:5:      layout_layer_cave, grunt_qazlal_clouds, bloody_trog, goddamned_bats
D:6:      layout_gridville
D:7:      layout_loops_corners, enter_bailey_5, biasface_ghost_orc_armoury,
          nicolae_wooded_promenade, uniq_joseph, uniq_pikel, uniq_prince_ribbit1
Temple:   sentei_temple_godly_chess
Bailey:   bailey_polearm_flooded_kennysheep, bailey

Skill      XL: |  1  2  3  4  5  6  7  8  9 |
---------------+----------------------------+-----
Unarmed Combat | 2 3 4 5 |  5.0
Shields        | 3 4 |  4.3
Fighting       | 4 5 6 7 8 |  8.2
Invocations    | 1 3 4 |  4.8
Maces & Flails | 1 3 4 |  4.8
Armour         | 3 4 |  4.5
Dodging        | 1 2 3 |  3.4

Action                     |  1- 3 |  4- 6 |  7- 9 || total
---------------------------+-------+-------+-------++-------
  Melee: Unarmed           |   156 |    80 |    23 ||   259
         Tailslap          |    10 |     3 |    29 ||    42
         Constrict         |       |     7 |       ||     7
         Eveningstar       |       |       |   178 ||   178
    Use: Scroll            |       |       |     9 ||     9
         Potion            |       |       |     1 ||     1
 Armour: Scale mail        |    65 |       |       ||    65
         Skin              |     5 |    57 |   362 ||   424
  Dodge: Dodged            |    59 |    49 |   428 ||   536
  Block: Buckler           |    33 |    18 |   167 ||   218
   Form: Anaconda          |     1 |       |       ||     1
         Statue            |       |     1 |       ||     1

Table legend: (Time is in decaauts)
 A = Elapsed time spent in this place.
 B = Non-inter-level travel time spent in this place.
 C = Inter-level travel time spent in this place.
 D = Time resting spent in this place.
 E = Time spent auto-exploring this place.
 F = Levels seen in this place.
 G = Mean time per level.
                   A        B        C        D        E       F      G
               +--------+--------+--------+--------+--------+-----+--------+
         Total |   6940 |   6736 |    204 |    147 |   4410 |   9 |  771.1 |
       Dungeon |   6729 |   6525 |    204 |    147 |   4410 |   7 |  961.3 |
        Temple |     19 |     19 |      0 |      0 |      0 |   1 |   19.0 |
        Bailey |    192 |    192 |      0 |      0 |      0 |   1 |  192.0 |
               +--------+--------+--------+--------+--------+-----+--------+

Top non-repeatable levels by time:
     D:5: 1565 daAuts
     D:4: 1252 daAuts
     D:1: 940 daAuts
     D:3: 931 daAuts
     D:6: 802 daAuts
     D:2: 618 daAuts
     D:7: 618 daAuts
  Bailey: 192 daAuts
  Temple: 19 daAuts
